 Dungeon Crawl Stone Soup version 0.31-a0-836-g3ceb0a68c4 (webtiles) character file.

Game seed: 3042607843382987917

313 Persimmons the Conjurer (level 6, -7/49 HPs)
             Began as a Naga Hedge Wizard on Sept 26, 2023.
             Killed by divine providence
             ... invoked by an orc priest
              (10 damage)
             ... on level 5 of the Dungeon.
             The game lasted 00:10:47 (4941 turns).

Persimmons the Conjurer (Naga Hedge Wizard)         Turns: 4941, Time: 00:10:48

Health: -7/49      AC:  5    Str: 12    XL:     6   Next: 43%
Magic:  6/19       EV:  9    Int: 16    God:
Gold:   210        SH:  0    Dex: 11    Spells: 3/11 levels left

rFire   + . .        e - +3 dagger
rCold   . . .        (no shield)
rNeg    . . .        b - +0 robe
rPois   +            f - +1 helmet "Serghutt" {rElec rPois rCorr}
rElec   +            (no cloak)
rCorr   +            (no gloves)
SInv    +            (no barding)
Will    .....        t - amulet of the acrobat
Stlth   ++           j - ring of magical power
HPRegen 0.28/turn    w - ring of protection from fire
MPRegen 0.16/turn

%: acrobat
@: very slightly contaminated, very slow
A: AC +2, large, see invisible, deformed body, poison resistance, slowness 2,
spit poison 1, naga tail 1
a: Spit Poison


You were on level 5 of the Dungeon.
You visited 1 branch of the dungeon, and saw 5 of its levels.

You collected 210 gold pieces.

Inventory:

Hand Weapons
 a - a +0 dagger
 e - a +3 dagger (weapon)
Missiles
 r - 3 poisoned darts
Armour
 b - a +0 robe (worn)
 c - a +1 hat
 f - the +1 helmet "Serghutt" (worn) {rElec rPois rCorr}
   (You acquired it on level 4 of the Dungeon)

   rElec:     It insulates you from electricity.
   rPois:     It protects you from poison rCorr: It protects you from acid and
   corrosion.
Magical Staves
 n - a staff of cold
Jewellery
 j - a ring of magical power (left hand)
 t - an amulet of the acrobat (around neck)
 w - a ring of protection from fire (right hand)
Wands
 u - a wand of charming (10)
Scrolls
 g - 3 scrolls of enchant armour
 i - 2 scrolls of teleportation
 l - a scroll of silence {unknown}
 m - a scroll of torment {unknown}
 q - a scroll of identify {unknown}
 x - a scroll of amnesia {unknown}
Potions
 d - a potion of magic
 o - 3 potions of degeneration {unknown}
 p - 3 potions of curing {unknown}
 s - a potion of lignification {unknown}
 v - a potion of attraction {unknown}


   Skills:
 - Level 1.0 Short Blades
 - Level 1.5 Dodging
 + Level 3.3 Stealth
 + Level 3.1 Spellcasting
 * Level 4.8 Conjurations
 * Level 2.6 Summonings
 - Level 1.0 Translocations
 - Level 1.0 Air Magic
 - Level 2.0 Poison Magic


You had 3 spell levels left.
You knew the following spells:

 Your Spells              Type           Power      Damage    Failure   Level
a - Magic Dart            Conj           72%        1d6       2%          1
b - Call Imp              Summ           22%        N/A       10%         2
c - Mephitic Cloud        Conj/Pois/Air  10%        N/A       19%         3
d - Blink                 Tloc           10%        N/A       19%         2

Your spell library contained the following spells:

 Spells                   Type           Power      Damage    Failure   Level
 Slow                     Hex            8%         N/A       19%         1
 Cigotuvi's Dreadful Rot  Necr/Pois/Air  10%        N/A       19%         2
 Frozen Ramparts          Ice            4%         1d1       50%         3
 Passage of Golubria      Tloc           5%         N/A       77%         4
 Petrify                  Tmut/Erth      2%         N/A       88%         4
 Metabolic Englaciation   Hex/Ice        1%         N/A       99%         5
 Silence                  Hex/Air        2%         N/A       99%         5
 Malign Gateway           Summ/Tloc      4%         N/A       100%        7
 Lehudib's Crystal Spear  Conj/Erth      5%         10d3      100%        8
 Summon Horrible Things   Summ           5%         N/A       100%        8


Dungeon Overview and Level Annotations

Branches:
Dungeon (5/15)
 Temple: D:4-7

Altars:
Zin

Shops:
D:4 (

Annotations:
D:4 3 runed translucent doors, Cancer's ghost, amateur GrEE
D:5 exclusion: water moccasin


Innate Abilities, Weirdness & Mutations

Your serpentine skin is tough. (AC +2)
You have supernaturally acute eyesight. (SInv)
Armour fits poorly on your strangely shaped body.
Your system is resistant to poisons. (rPois)
You cover ground very slowly.
You can spit poison.
You have a snake-like lower body.


Message History

Your cerulean imp hits the orc but does no damage.
The centaur wields a +0 orcbow.
The centaur shoots an arrow.
The arrow hits you.
* * * LOW HITPOINT WARNING * * *
As you read the scroll of butterflies, it crumbles to dust.
You hear the flapping of tiny wings.
The water moccasin barely misses your cerulean imp.
Your cerulean imp hits the orc but does no damage.
The orc closely misses your butterfly.
The orc priest barely misses your cerulean imp.
A quokka comes into view.
Unknown command.
You swap places.
The water moccasin bites your cerulean imp.
Your cerulean imp barely misses the water moccasin.
The water moccasin barely misses your cerulean imp.
The orc wizard hits your butterfly with a +0 dagger.
Your butterfly is killed!
Your butterfly disappears in a burst of colours!
The orc barely misses your butterfly.
The orc priest casts a cantrip, but nothing happens.
Your cerulean imp barely misses the water moccasin.
You swap places.
The water moccasin closely misses your cerulean imp.
Something hits your butterfly!!
Your butterfly dies!
Your butterfly disappears in a burst of colours!
The orc closely misses your butterfly.
The orc priest closely misses your cerulean imp.
Your cerulean imp hits the orc with a -3 spear.
The centaur unwields a +0 orcbow.
The centaur misses your butterfly.
The centaur closely misses your butterfly.
There is a stone staircase leading up here.
Unknown command.
The orc hits your butterfly with a +0 dagger.
Your butterfly dies!
Your butterfly disappears in a burst of colours!
The orc priest invokes the aid of Beogh against you.
Beogh smites you!
You die...

......... #....###.
###... #.... #.
..#... ###.... #.
)...# . ....... #.
b...#.. #..... ##.
..b.... #.....
.b##.bbb#..
###..#.####b.bb.....
...$.o5o)bb.@b.bb...
##...o..bbbbb#.b#..
.......#.b.c#r# #
..#..#####bb#.# #.
...O.# # ...#....
###.##... ... ... ..


You could see a centaur, an orc priest, an orc wizard (confused), an orc (ally
target), a quokka and a friendly cerulean imp (summoned).

Vanquished Creatures
  A black bear (D:4)
  A hound (D:3)
  An iguana (D:5)
  Terence (D:2)
  A gnoll (D:1)
  An adder (D:3)
  5 dart slugs
  6 orcs
  A bat (D:2)
  10 endoplasms
  4 giant cockroaches
  3 goblins
  5 hobgoblins
  4 jackals
  A quokka (D:4)
  3 ball pythons
  2 frilled lizards
  5 kobolds
  4 rats
59 creatures vanquished.

Vanquished Creatures (collateral kills)
  An iguana (D:4)
  A gnoll (D:1)
  An adder (D:4)
  An endoplasm (D:1)
  A hobgoblin (D:1)
  A kobold (D:4)
6 creatures vanquished.

Grand Total: 65 creatures vanquished

Notes
Turn   | Place    | Note
-------+----------+-------------------------------------------
     0 | D:1      | Persimmons the Naga Hedge Wizard began the quest for the
                  | Orb.
     0 | D:1      | Reached XP level 1. HP: 15/15 MP: 4/4
   303 | D:1      | Reached skill level 2 in Conjurations
   303 | D:1      | Reached XP level 2. HP: 22/22 MP: 1/6
   316 | D:1      | Learned a level 2 spell: Call Imp
   524 | D:1      | Reached XP level 3. HP: 14/28 MP: 1/7
   528 | D:1      | Learned a level 3 spell: Mephitic Cloud
  1329 | D:2      | Noticed Terence
  1346 | D:2      | Killed Terence
  1347 | D:2      | Reached skill level 1 in Poison Magic
  1347 | D:2      | Reached XP level 4. HP: 7/36 MP: 4/8
  1661 | D:2      | Learned a level 2 spell: Blink
  1664 | D:2      | Reached skill level 3 in Conjurations
  1764 | D:2      | Found a faded altar of an unknown god.
  2233 | D:3      | Found a glowing silver altar of Zin.
  2450 | D:3      | Reached skill level 1 in Air Magic
  2481 | D:3      | Reached XP level 5. HP: 32/42 MP: 9/9
  3655 | D:4      | HP: 2/42 [iguana (6)]
  3657 | D:4      | Reached skill level 4 in Conjurations
  4155 | D:4      | Found Nocragg's Weapon Shoppe.
  4375 | D:4      | Found a runed translucent gate.
  4375 | D:4      | Found a runed translucent gate.
  4375 | D:4      | Found a runed translucent gate.
  4376 | D:4      | Noticed Cancer's ghost (amateur GrEE)
  4451 | D:5      | Entered Level 5 of the Dungeon
  4458 | D:5      | Noticed a black bear
  4697 | D:4      | Identified a scroll of acquirement
  4697 | D:4      | Acquired the +1 helmet "Serghutt" {rElec rPois rCorr}
  4740 | D:5      | Noticed a water moccasin
  4823 | D:4      | Killed a black bear
  4824 | D:4      | Reached skill level 1 in Short Blades
  4824 | D:4      | Reached XP level 6. HP: 43/49 MP: 5/10
  4937 | D:5      | HP: 2/49 [centaur/arrow (5)]
  4941 | D:5      | Killed from afar by an orc priest

Illustrated notes

Levels and vault maps discovered:
D:1:      minmay_arrival_three_doors, layout_basic
D:2:      layout_loops_ring, shapermc_ecumenical_altar_petra, st_stairs_3,
          grunt_ministairs_5, uniq_terence
D:3:      layout_loops_cross, mainiacjoe_overflow_catwalk
D:4:      layout_gridville, ebering_ghost_rock_garden, serial_shops, shop,
          nrook_mini_vaults
D:5:      layout_basic, grunt_temple_overflow_holy_war,
          nicolae_overflow_hidden_temple, minmay_temple_entry_statues,
          kennysheep_generic_room_6, uniq_edmund

Skill      XL: |  1  2  3  4  5 |
---------------+----------------+-----
Conjurations   | 2 3 4 |  4.8
Poison Magic   | 1 2 |  2.0
Summonings     | 2 |  2.6
Air Magic      | 1 |  1.0
Short Blades   | 1 |  1.0
Dodging        | |  1.5
Stealth        | |  3.3
Spellcasting   | |  3.1
Translocations | |  1.0

Action                     |  1- 3 |  4- 6 || total
---------------------------+-------+-------++-------
  Melee: Dagger            |    49 |    72 ||   121
   Cast: Magic Dart        |    38 |    73 ||   111
         Call Imp          |     4 |     9 ||    13
         Mephitic Cloud    |     1 |    12 ||    13
Ability: Spit Poison       |     3 |     6 ||     9
    Use: Scroll            |       |     6 ||     6
   Stab: Sleeping          |       |     1 ||     1
         Confused          |       |     2 ||     2
 Armour: Robe              |    30 |    68 ||    98
  Dodge: Dodged            |    27 |    45 ||    72

Table legend: (Time is in decaauts)
 A = Elapsed time spent in this place.
 B = Non-inter-level travel time spent in this place.
 C = Inter-level travel time spent in this place.
 D = Time resting spent in this place.
 E = Time spent auto-exploring this place.
 F = Levels seen in this place.
 G = Mean time per level.
                   A        B        C        D        E       F      G
               +--------+--------+--------+--------+--------+-----+--------+
         Total |   6152 |   5581 |    571 |    468 |   4294 |   5 | 1230.4 |
       Dungeon |   6152 |   5581 |    571 |    468 |   4294 |   5 | 1230.4 |
               +--------+--------+--------+--------+--------+-----+--------+

Top non-repeatable levels by time:
     D:2: 1832 daAuts
     D:1: 1587 daAuts
     D:4: 1358 daAuts
     D:3: 1128 daAuts
     D:5: 244 daAuts
